 Dungeon Crawl Stone Soup version 0.23-a0-629-gae4348f (console) character file.

342 bli the Chopper (level 6, -1/56 HPs)
             Began as a Draconian Monk on Dec 25, 2018.
             Was a Priest of Makhleb.
             Slain by a worker ant (6 damage)
             ... on level 4 of the Dungeon.
             The game lasted 00:09:35 (3198 turns).

bli the Chopper (Draconian Monk)                    Turns: 3198, Time: 00:09:36

Health: -1/56      AC:  6    Str: 13    XL:     6   Next: 30%
Magic:  0/6        EV: 13    Int: 11    God:    Makhleb [***...]
Gold:   219        SH:  0    Dex: 15    Spells: 5/5 levels left

rFire    . . .     SeeInvis .   a - +0 hand axe
rCold    + . .     Gourm    .   (no shield)
rNeg     . . .     Faith    .   (armour unavailable)
rPois    +         Spirit   +   (helmet restricted)
rElec    .         Reflect  .   (no cloak)
rCorr    .         Harm     .   (no gloves)
MR       .....                  (no boots)
Stlth    ++........             w - amulet of guardian spirit
HPRegen  0.18/turn              p - ring of protection from cold
MPRegen  0.10/turn              s - ring of poison resistance

@: no status effects
A: unfitting armour, cold-blooded, AC +6
a: Minor Destruction, Lesser Servant of Makhleb, Renounce Religion


You were on level 4 of the Dungeon.
You worshipped Makhleb.
Makhleb was most pleased with you.
You were hungry.

You visited 1 branch of the dungeon, and saw 4 of its levels.

You collected 219 gold pieces.

Inventory:

Hand Weapons
 a - a +0 hand axe (weapon)
 m - a +1 dagger of venom
Missiles
 j - 97 stones (quivered)
 v - 2 tomahawks
Jewellery
 p - a ring of protection from cold (left hand)
 s - a ring of poison resistance (right hand)
 w - an amulet of guardian spirit (around neck)
Scrolls
 c - 2 scrolls of magic mapping {unknown}
 d - a scroll of fog {unknown}
 f - 5 scrolls of identify {unknown}
 l - 2 scrolls of fear {unknown}
 n - 2 scrolls of teleportation {unknown}
 r - 2 scrolls of blinking {unknown}
 t - a scroll of enchant armour {unknown}
 u - a scroll of enchant weapon {unknown}
Potions
 e - 3 potions of curing
 h - a potion of brilliance {unknown}
 i - a potion of flight {unknown}
 k - a potion of heal wounds {unknown}
 o - a potion of lignification {unknown}
 q - a potion of agility {unknown}
Comestibles
 b - 8 rations


   Skills:
 + Level 5.2 Fighting
 * Level 5.7 Axes
 + Level 3.2 Dodging
 - Level 1.7 Stealth


You had 5 spell levels left.
You didn't know any spells.
Your spell library contained the following spells:

 Spells                   Type           Power        Failure   Level  Hunger
 Confusing Touch          Hex            #.....       34%         1    ##.....
 Confuse                  Hex            #.......     71%         3    ####...
 Gell's Gravitas          Tloc           #.........   71%         3    ####...
 Petrify                  Tmut/Erth      #.......     98%         4    #####..
 Metabolic Englaciation   Hex/Ice        #.........   100%        5    ######.
 Yara's Violent Unravell  Hex/Tmut       #.........   100%        5    ######.


Dungeon Overview and Level Annotations

Branches:
Dungeon (4/15)
 Temple: D:4-7

Altars:
Makhleb


Innate Abilities, Weirdness & Mutations

Your plain brown scales are hard. (AC +6)
You cannot fit into any form of body armour.
You are cold-blooded and may be slowed by cold attacks.


Message History

You hit the worker ant but do no damage.
Something hits you but does no damage. The worker ant bites you.
* * * LOW HITPOINT WARNING * * *
The orc priest misses you.
You hear some strange, mumbled words.
A puff of frost appears from out of thin air!
The puff of frost hits you! You resist.
* * * LOW HITPOINT WARNING * * *
It was a potion of curing.
You feel better. The worker ant bites you.
* * * LOW HITPOINT WARNING * * *
The orc priest misses you. The worker ant closely misses you.
You hit the orc priest.
The orc priest is severely wounded.
You hit the worker ant. You closely miss something.
You hear some strange, mumbled words.
A puff of flame appears from out of thin air!
The puff of flame hits you!
* * * LOW HITPOINT WARNING * * *
The orc priest closely misses you. The worker ant bites you.
You die...

# . . # . ####### #
##.....## ... ##.......##
.. .. #.. #.........#
##... .###.. #.......o.#
....#........
#......)@.#..# #.##....
#......a)...# ##....#..
#......)...## #.......#
##........## #........
#.........#######........
#.......... ...##.......#
#.........## #.###.##...#
#..........###...........
#...............####.....
#...........#### #..<..
S........# #.....


You could see a worker ant and an orc priest.

Vanquished Creatures
  A centaur zombie (D:4)
  2 orc wizards (D:4)
  An iguana (D:4)
  3 worker ants
  4 adders
  3 oozes
  4 worms
  5 dart slugs
  A leopard gecko (D:1)
  10 orcs
  7 bats
  4 giant cockroaches
  7 goblins
  7 hobgoblins
  4 jackals (D:1)
  A quokka (D:2)
  2 ball pythons
  9 frilled lizards
  7 kobolds
  2 rats
84 creatures vanquished.

Notes
Turn   | Place    | Note
-------+----------+-------------------------------------------
     0 | D:1      | bli the Draconian Monk began the quest for the Orb.
     0 | D:1      | Reached XP level 1. HP: 19/19 MP: 1/1
   129 | D:1      | Reached XP level 2. HP: 15/27 MP: 2/2
   937 | D:1      | Reached XP level 3. HP: 30/33 MP: 3/3
  1799 | D:2      | Reached XP level 4. HP: 41/41 MP: 4/4
  1879 | D:2      | Found a burning altar of Makhleb.
  1879 | D:2      | Noticed a blizzard demon
  1882 | D:2      | Noticed an orange demon
  1882 | D:2      | Noticed a hellwing
  1884 | D:2      | Became a worshipper of Makhleb the Destroyer
  1884 | D:2      | Reached * piety under Makhleb
  1884 | D:2      | Reached ** piety under Makhleb
  2165 | D:3      | Reached XP level 5. HP: 24/47 MP: 5/5
  2479 | D:3      | Reached skill level 5 in Fighting
  2676 | D:4      | Reached skill level 5 in Axes
  2822 | D:4      | Reached XP level 6. HP: 22/56 MP: 4/6
  3192 | D:4      | Reached *** piety under Makhleb
  3196 | D:4      | HP: 2/56 [something/puff of frost (4)]
  3198 | D:4      | Slain by a worker ant

Vault maps used:
D:1:      elethiomel_arrival_quiet
D:2:      makhleb_altar_promises_db
D:4:      minmay_temple_entry_statues, first_ration, uniq_duvessa

Skill      XL: |  1  2  3  4  5 |
---------------+----------------+-----
Dodging        | 3 |  3.2
Fighting       | 4 5 |  5.2
Axes           | 4 5 |  5.7
Stealth        | |  1.7

Action                   |  1- 3 |  4- 6 || total
-------------------------+-------+-------++-------
Melee: Hand axe          |   133 |   240 ||   373
       Tailslap          |    13 |    29 ||    42
Throw: Stone             |    13 |     2 ||    15
  Use: Potion            |       |     1 ||     1
 Stab: Sleeping          |     2 |     2 ||     4
  Eat: Chunk             |     3 |     4 ||     7
Armor: Skin              |    42 |    73 ||   115
Dodge: Dodged            |   100 |   166 ||   266

Table legend:
 A = Non-vault XP
 B = Vault XP
 C = Vault XP percentage of total XP
 D = Non-vault monster count
 E = Vault monster count
 F = Vault count percentage of total count
                 A         B        C        D         E       F
            +---------+---------+-------+---------+---------+-------
      Total |     489 |       0 |   0.0 |      84 |       0 |   0.0
            +---------+---------+-------+---------+---------+-------
        D:1 |      42 |       0 |   0.0 |      23 |       0 |   0.0
        D:2 |      57 |       0 |   0.0 |      19 |       0 |   0.0
        D:3 |     154 |       0 |   0.0 |      29 |       0 |   0.0
        D:4 |     236 |       0 |   0.0 |      13 |       0 |   0.0
            +---------+---------+-------+---------+---------+-------
